 Dungeon Crawl Stone Soup version 0.30-a0-122-g2a1322497e (webtiles) character file.

Game seed: 13488151092084726559

4 omnomnOMINOUS the Shield-Bearer (level 1, 0/13 HPs)
             Began as an Octopode Wanderer on Sept 16, 2022.
             Slain by a goblin
             ... wielding a +0 club
              (5 damage)
             ... on level 1 of the Dungeon.
             The game lasted 00:00:40 (326 turns).

omnomnOMINOUS the Shield-Bearer (Octopode Wanderer)  Turns: 326, Time: 00:00:40

Health: 0/13       AC:  1    Str:  9    XL:     1   Next: 60%
Magic:  1/2        EV: 12    Int: 13    God:
Gold:   17         SH:  7    Dex: 14    Spells: 1/2 levels left

rFire   . . .      SeeInvis .    a - +0 dagger
rCold   . . .      Faith    .    d - +2 buckler
rNeg    . . .      Spirit   .    b - +0 hat
rPois   .          Reflect  .    (no amulet)
rElec   .          Harm     .    (no ring)
rCorr   .          Rampage  .    (no ring)
Will    .....                    (no ring)
Stlth   +++.......               (no ring)
HPRegen 0.04/turn                (no ring)
MPRegen 0.08/turn                (no ring)
                                 (no ring)
                                 (no ring)

@: no status effects
A: almost no armour, amphibious, 8 rings, camouflage 1, gelatinous body 1,
(nimble swimmer 1), tentacles
a: no special abilities


You were on level 1 of the Dungeon.
You visited 1 branch of the dungeon, and saw 1 of its levels.

You collected 17 gold pieces.

Inventory:

Hand Weapons
 a - a +0 dagger (weapon)
Armour
 b - a +0 hat (worn)
 d - a +2 buckler (worn)
Scrolls
 c - a scroll of fear
 f - a scroll of teleportation {unknown}
Potions
 e - 2 potions of cancellation {unknown}


   Skills:
 + Level 1.1 Fighting
 + Level 1.6 Dodging
 - Level 1.3 Stealth
 + Level 3.0 Shields
 - Level 1.0 Spellcasting
 * Level 1.2 Summonings
 - Level 1.1 Evocations


You had one spell level left.
You knew the following spells:

 Your Spells              Type           Power      Damage    Failure   Level
a - Summon Small Mammal   Summ           12%        N/A       22%         1

Your spell library contained the following spells:

 Spells                   Type           Power      Damage    Failure   Level
 Call Canine Familiar     Summ           3%         N/A       54%         3


Dungeon Overview and Level Annotations

Branches:
Dungeon (1/15)

Altars:


Innate Abilities, Weirdness & Mutations

You cannot wear most types of armour.
You are amphibious.
You can wear up to eight rings at the same time.
Your skin changes colour to match your surroundings (Stealth+).
Your rubbery body absorbs attacks. (AC +1, EV +1)
((You are camouflaged when in or above water. (Stealth+)))
You have tentacles for arms and can constrict up to eight enemies at once.


Message History

The hobgoblin barely misses you. The goblin hits you with a +0 club.
You hit the goblin. Your grab misses the goblin.
The goblin is moderately wounded.
The hobgoblin hits you. You block the goblin's attack.
You are too injured to fight recklessly!
You are too injured to fight recklessly!
You are too injured to fight recklessly!
You are too injured to fight recklessly!
You are too injured to fight recklessly!
You are too injured to fight recklessly!
You are too injured to fight recklessly!
You are too injured to fight recklessly!
You are too injured to fight recklessly!
You are too injured to fight recklessly!
You are too injured to fight recklessly!
You are too injured to fight recklessly!
You are too injured to fight recklessly!
You are too injured to fight recklessly!
You are too injured to fight recklessly!
You are too injured to fight recklessly!
You are too injured to fight recklessly!
You are too injured to fight recklessly!
You are too injured to fight recklessly!
You are too injured to fight recklessly!
You are too injured to fight recklessly!
Unknown command.
Casting: Summon Small Mammal (safe; 22% risk of failure)
Confirm with . or Enter, or press ? or * to list all spells.
The goblin closely misses you.
The hobgoblin hits you but does no damage.
Unknown command.
Your bat closely misses the goblin.
Your bat closely misses the hobgoblin.
Your bat hits the hobgoblin but does no damage.
Your bat completely misses the hobgoblin.
The hobgoblin closely misses your bat.
Your bat hits the endoplasm but does no damage.
The goblin attacks as you move away! The goblin barely misses you.
Your bat hits the goblin. The goblin attacks as you move away!
The goblin hits you with a +0 club.
You die...

#PP~##.###......###.......
#~PP.........##...........
###########.#######.......
....#####.# #####.##
#...#...# #.#. #...#######
#.## ###........ #...
####........ ####
#...@....... #.bgg...###.
#...J....## #...g.......
#........... #...........
#=......##.. #.......# .#
#.......#


You could see an endoplasm, a hobgoblin, 2 goblins and a friendly bat
(summoned).

Vanquished Creatures
  A goblin (D:1)
  A hobgoblin (D:1)
  A frilled lizard (D:1)
  A kobold (D:1)
4 creatures vanquished.

Notes
Turn   | Place    | Note
-------+----------+-------------------------------------------
     0 | D:1      | omnomnOMINOUS the Octopode Wanderer began the quest for the
                  | Orb.
     0 | D:1      | omnomnOMINOUS set off with the following items: a +0
                  | dagger, a +0 hat, a scroll of fear, a +2 buckler; and the
                  | following spell memorised: Summon Small Mammal; and the
                  | following spells available to memorise: Call Canine
                  | Familiar.
     0 | D:1      | Reached XP level 1. HP: 13/13 MP: 2/2
   326 | D:1      | Slain by a goblin

Illustrated notes

Levels and vault maps discovered:
D:1:      psy_arrival_conway, layout_basic

Action                   || total
-------------------------++-------
Melee: Dagger            ||     9
       Constrict         ||     2
       Tentacles         ||     1
 Cast: Summon Small Mamm ||     1
 Stab: Sleeping          ||     1
Armor: Skin              ||     1
Dodge: Dodged            ||     5
Block: Buckler           ||     3

Table legend: (Time is in decaauts)
 A = Elapsed time spent in this place.
 B = Non-inter-level travel time spent in this place.
 C = Inter-level travel time spent in this place.
 D = Time resting spent in this place.
 E = Time spent auto-exploring this place.
 F = Levels seen in this place.
 G = Mean time per level.
                   A        B        C        D        E       F      G
               +--------+--------+--------+--------+--------+-----+--------+
         Total |    326 |    326 |      0 |      0 |    280 |   1 |  326.0 |
       Dungeon |    326 |    326 |      0 |      0 |    280 |   1 |  326.0 |
               +--------+--------+--------+--------+--------+-----+--------+

Top non-repeatable levels by time:
     D:1: 326 daAuts
